Map: Blueshift LE

Players

Piroxiljin

  • Race: Terran Terran
  • Spawn Location: 7:00

VOD

Have the link to the VOD?

Description

Time

  • Played on: Jan. 16, 2019, 11:22 a.m.
  • Length: 11:06
Show
View Real Time Build Order
Export as new Build Order

Piroxiljin Terran 

Build Orders:  

Get SALT Encoding   

  12  0:01  SCV  
  13  0:28  Supply Depot  
  13  0:30  SCV  
  14  0:53  SCV  
  15  1:15  Barracks  
  15  1:16  SCV  
  16  1:29  Refinery  
  16  1:34  SCV  
  17  1:54  SCV  
  17  1:55  Barracks  
  18  2:14  SCV  
  18  2:17  Supply Depot  
  19  2:25  Refinery  
  19  2:34  SCV  
  20  2:41  Marine  
  21  3:02  Supply Depot  
  21  3:03  Orbital Command  
  21  3:16  Barracks Tech Lab  
  21  3:20  Marine  
  22  3:34  Supply Depot  
  22  3:42  SCV  
  24  3:53  Marauder  
  24  3:54  Reaper  
  26  4:23  SCV, Marine  
  28  5:08  Marine  
  28  5:09  Marine  
  30  5:12  SCV  
  31  5:26  Unknown  
  31  5:29  SCV  
  32  5:33  Marine  
  32  5:34  Marauder  
  35  5:46  SCV  
  35  5:58  Marine  
  36  6:02  Unknown  
  36  6:03  SCV  
  36  6:04  Marauder  
  39  6:14  Engineering Bay  
  39  6:20  SCV  
  39  6:23  Marine  
  39  6:25  Supply Depot  
  41  6:34  Marauder  
  43  6:52  Barracks Tech Lab  
  43  6:57  Supply Depot  
  43  7:04  Marauder  
  45  7:20  Marauder  
  41  7:30  Supply Depot  
  41  7:33  Marauder  
  35  7:50  Marine  
  35  7:52  Concussive Shells  
  36  8:03  Marine  
  33  8:15  Marine  
  33  8:18  Terran Infantry Weapons Level 1  
  31  8:28  Marine  
  29  8:40  Marine  
  28  8:53  Marine  
  28  9:05  Marine  
  29  9:18  Marauder  
  29  9:30  Marauder  
  30  9:48  Marauder  
  32  10:00  Marauder  
  34  10:18  Marauder  
  36  10:26  Missile Turret  
  36  10:30  Marine  
  38  10:54  Factory  
Tags
 
Add a new tag
Caveats
  • Supply blocks, unpowered buildings, or Contaminate may cause inaccurate times.
  • Supply counts are checked every 10 seconds.